 Dungeon Crawl Stone Soup version 0.26.1-2-gb8aa6d0cf2 (webtiles) character file.

Game seed: 9456259998768642526

361 Elvor the Digger (level 6, 0/35 HPs)
             Began as a Gargoyle Earth Elementalist on Mar 26, 2021.
             Slain by Duvessa
             ... wielding a +0 short sword
              (7 damage)
             ... on level 3 of the Dungeon.
             The game lasted 00:33:00 (2508 turns).

Elvor the Digger (Gargoyle Earth Elementalist)      Turns: 2508, Time: 00:33:00

Health: 0/35       AC:  4    Str: 13    XL:     6   Next: 66%
Magic:  8/11       EV:  7    Int: 16    God:
Gold:   88         SH:  0    Dex: 10    Spells: 5/12 levels left

rFire    . . .     SeeInvis .   v - +4 dagger (venom)
rCold    . . .     Faith    .   (no shield)
rNeg     + . .     Spirit   .   q - -2 leather armour (curse)
rPois    ∞         Reflect  .   o - -2 helmet
rElec    +         Harm     .   (no cloak)
rCorr    .         Rampage  .   (no gloves)
Will     .....                  (no boots)
Stlth    +.........             (no amulet)
HPRegen  0.11/turn              g - -4 ring of evasion (curse)
MPRegen  0.12/turn              s - ring of attention (curse)

@: no status effects
A: negative energy resistance 1, electricity resistance, unbreathing,
petrification resistance, miasma immunity, AC +4
a: no special abilities


You were on level 3 of the Dungeon.
You visited 1 branch of the dungeon, and saw 4 of its levels.

You collected 88 gold pieces.

Inventory:

Hand Weapons
 a - a +0 hunting sling
 d - a +0 short sword of protection
 f - a +0 whip
 v - a +4 dagger of venom (weapon)
Missiles
 b - 77 stones
 l - 25 bolts
Armour
 c - a +0 robe
 e - a +0 tower shield
 h - a +0 scale mail
 n - a +0 chain mail
 o - a -2 helmet (worn)
 p - a +0 plate armour
 q - a cursed -2 leather armour (worn)
 w - a +2 robe of positive energy
Jewellery
 g - a cursed -4 ring of evasion (left hand)
 s - a cursed ring of attention (right hand)
Wands
 u - a wand of polymorph (6)
Scrolls
 i - a scroll of magic mapping
 m - 2 scrolls of fear
 x - a scroll of immolation {unknown}
Potions
 j - a potion of might
 k - 2 potions of heal wounds
 r - a potion of lignification {unknown}
 t - a potion of curing {unknown}


   Skills:
 + Level 1.9 Fighting
 + Level 0.2 Short Blades
 + Level 2.0 Slings
 + Level 0.6 Armour
 + Level 1.8 Dodging
 + Level 2.8 Stealth
 + Level 3.5 Spellcasting
 + Level 1.0 Transmutations
 + Level 5.9 Earth Magic


You had 5 spell levels left.
You knew the following spells:

 Your Spells              Type           Power        Failure   Level
a - Sandblast             Erth           42%          1%          1
b - Passwall              Tmut/Erth      10%          9%          2
c - Stone Arrow           Conj/Erth      24%          21%         3
d - Apportation           Tloc           4%           22%         1

Your spell library contained the following spells:

 Spells                   Type           Power        Failure   Level
 Animate Skeleton         Necr           4%           22%         1
 Corona                   Hex            2%           22%         1
 Summon Small Mammal      Summ           8%           22%         1
 Petrify                  Tmut/Erth      13%          47%         4
 Lee's Rapid Deconstruct  Erth           10%          50%         5


Dungeon Overview and Level Annotations

Branches:
Dungeon (4/15)
 Temple: D:4-7

Altars:
Ashenzari

Annotations:
D:3 2 transporters, Dowan; Duvessa; H0rd4k's ghost, amateur HuAr


Innate Abilities, Weirdness & Mutations

You are resistant to torment.
Your stone body is resilient. (AC +4)
You are immune to poison.
You resist negative energy. (rN+)
You are resistant to electric shocks. (rElec)
You can survive without breathing.
You are immune to petrification.
You are immune to miasma.


Message History

A jackal comes into view.
Duvessa hits you with a +0 short sword. Dowan barely misses you.
You barely miss Dowan.
Dowan is moderately wounded.
The jackal barks!
Duvessa hits you but does no damage.
A jackal comes into view.
Dowan hits you with a +2 dagger of holy wrath.
Duvessa hits you with a +0 short sword!
The jackal barks!
Duvessa hits you with a +0 short sword. Dowan hits you but does no damage.
You climb upwards.
Level annotation: 2 transporters, H0rd4k's ghost, amateur HuAr
There is a stone staircase leading down here.
Duvessa hits you with a +0 short sword. Dowan casts a spell at you.
The puff of flame hits you!
* * * LOW HITPOINT WARNING * * *
Duvessa hits you with a +0 short sword!
You die...

#.# #.≈≈### #.# #.≈≈#..
#.# #.≈≈#.# #.# ##.≈≈###
#)########..≈≈≈≈≈
#.#.........≈≈≈≈≈
#................
##########e#.#....#...####
#........@>...............
#.########e#.#.#<.#.######
#.# ####.#.#.#..#.# # #.#
#......#.#..#.###### #.#
#......#.#..#.##.... #.#
#......#.#..#.##.... #.#
#......#.#..#.##.... #.#
#......#.#..#.##....
#.########.#.#.#..#.......


You could see Duvessa (fast) and Dowan.

Vanquished Creatures
  Sigmund (D:3)
  A hound (D:3)
  Jessica (D:3)
  A worker ant (D:3)
  Natasha (twice) (D:3)
  A gnoll (D:1)
  3 oozes
  2 worms (D:2)
  A dart slug (D:3)
  A leopard gecko (D:3)
  2 giant cockroaches (D:1)
  4 goblins
  A hobgoblin (D:2)
  4 jackals
  5 kobolds (D:1)
  A ball python (D:3)
  8 bats
  3 frilled lizards (D:1)
  10 rats
52 creatures vanquished.

Vanquished Creatures (others)
  6 plants (D:3)
  4 toadstools (D:1)
10 creatures vanquished.

Grand Total: 62 creatures vanquished

Notes
Turn   | Place    | Note
-------+----------+-------------------------------------------
     0 | D:1      | Elvor the Gargoyle Earth Elementalist began the quest for
                  | the Orb.
     0 | D:1      | Reached XP level 1. HP: 10/10 MP: 3/3
    59 | D:1      | Reached skill level 4 in Earth Magic
    59 | D:1      | Reached XP level 2. HP: 14/15 MP: 1/5
    63 | D:1      | Learned a level 2 spell: Passwall
   233 | D:1      | Reached XP level 3. HP: 19/19 MP: 3/6
   290 | D:1      | Learned a level 3 spell: Stone Arrow
  1619 | D:3      | Reached skill level 5 in Earth Magic
  1629 | D:3      | Reached skill level 1 in Slings
  1629 | D:3      | Reached XP level 4. HP: 15/24 MP: 1/7
  1741 | D:3      | Found a broken altar of Ashenzari.
  1905 | D:3      | Noticed Sigmund
  1998 | D:3      | Found a transporter.
  1998 | D:3      | Found a transporter.
  2008 | D:3      | Noticed H0rd4k's ghost (amateur HuAr)
  2100 | D:3      | Noticed Jessica
  2110 | D:3      | Killed Jessica
  2111 | D:3      | Reached skill level 1 in Fighting
  2166 | D:3      | Reached XP level 5. HP: 29/29 MP: 6/8
  2338 | D:3      | Noticed Natasha
  2357 | D:3      | Killed Natasha
  2358 | D:3      | Reached skill level 1 in Transmutations
  2373 | D:3      | Learned a level 1 spell: Apportation
  2390 | D:3      | Killed Sigmund
  2391 | D:3      | Reached XP level 6. HP: 30/35 MP: 6/11
  2453 | D:3      | Noticed Natasha
  2459 | D:3      | Killed Natasha
  2495 | D:4      | Noticed Dowan
  2497 | D:4      | Noticed Duvessa
  2508 | D:3      | Slain by Duvessa

Illustrated notes

Levels and vault maps discovered:
D:1:      ldierk_walled_garden_2, layout_basic
D:2:      layout_loops_ring
D:3:      layout_basic, lemuel_coloured_pillars_altar,
          gammafunk_ghost_gnarly_gnolls, uniq_sigmund, uniq_natasha,
          uniq_jessica
D:4:      layout_basic, minmay_temple_entry_waves, serial_glass,
          glass_columns_b, glass_columns_b, serial_shops,
          nicolae_shop_overgrown_old_shop, uniq_crazy_yiuf_cottage, uniq_robin,
          uniq_duvessa

Skill      XL: |  1  2  3  4  5 |
---------------+----------------+-----
Earth Magic    | 4 5 |  5.9
Slings         | 1 2 |  2.0
Fighting       | 1 |  1.9
Transmutations | 1 |  1.0
Spellcasting   | 3 |  3.5
Short Blades   | |  0.2
Armour         | |  0.6
Dodging        | |  1.8
Stealth        | |  2.8

Action                   |  1- 3 |  4- 6 || total
-------------------------+-------+-------++-------
Melee: Short sword       |    32 |       ||    32
       Dagger            |       |     5 ||     5
 Fire: Hunting sling     |    14 |    24 ||    38
 Cast: Sandblast         |    39 |    29 ||    68
       Passwall          |       |     3 ||     3
  Use: Scroll            |     5 |     2 ||     7
Armor: Robe              |    14 |     1 ||    15
       Chain mail        |     1 |       ||     1
       Skin              |       |     1 ||     1
       Leather armour    |       |     6 ||     6
Dodge: Dodged            |    20 |     7 ||    27
